 Dungeon Crawl Stone Soup version 0.31-a0-1278-g11c5b68f87 (console) character file.

Game seed: 6089216894032346665

13258 jejorda2 the Fighter (level 12, 0/100 HPs)
             Began as a Gnoll Berserker on Dec 17, 2023.
             Was a Priest of Trog.
             Slain by Urug
             ... wielding a +1 great mace of protection
              (3 damage)
             ... on level 11 of the Dungeon.
             The game lasted 00:23:57 (10017 turns).

jejorda2 the Fighter (Gnoll Berserker)             Turns: 10017, Time: 00:24:01

Health: 0/100      AC: 16    Str: 18    XL:     12   Next: 4%
Magic:  22/22      EV:  8    Int:  7    God:    Trog [***...]
Gold:   492        SH:  0    Dex: 11    Spells: 25/25 levels left

rFire   . . .        a - +2 battleaxe
rCold   . . .        (shield currently unavailable)
rNeg    . . .        q - +0 plate armour
rPois   .            t - +0 helmet of Mofut {Will+ Regen+ Str-4}
rElec   .            d - +0 cloak
rCorr   .            (no gloves)
SInv    .            (no boots)
Will    +....        z - amulet of the acrobat Stlth
                     j - ring of flight
HPRegen 1.16/turn    (no ring)
MPRegen 0.18/turn

%: acrobat
@: on berserk cooldown, flying, slowed, studying Fighting, very slow
A: fangs 1, strong nose, distributed training
a: Renounce Religion, Berserk, Trog's Hand


You were on level 11 of the Dungeon.
You worshipped Trog.
Trog was most pleased with you.
You visited 1 branch of the dungeon, and saw 11 of its levels.

You collected 635 gold pieces.
You spent 143 gold pieces at shops.

Inventory:

Hand Weapons
 a - a +2 battleaxe (weapon)
 b - a +6 trident
Missiles
 n - 3 boomerangs
 s - 11 poisoned darts (quivered)
 x - 2 silver javelins
Armour
 d - a +0 cloak (worn)
 q - a +0 plate armour (worn)
 t - the +0 helmet of Mofut (worn) {Will+ Regen+ Str-4}
   (You bought it in a shop on level 4 of the Dungeon)

   Str-4:     It affects your strength (-4).
   Will+:     It increases your willpower.
   Regen+:    It increases your rate of health regeneration.
Jewellery
 j - a ring of flight (left hand)
 l - a ring of ice
 z - an amulet of the acrobat (around neck)
Wands
 f - a wand of flame (4)
 y - a wand of iceblast (14)
 C - a wand of mindburst (9)
Scrolls
 g - 6 scrolls of identify
 h - a scroll of revelation
 i - a scroll of immolation
 r - a scroll of enchant armour {unknown}
 v - a scroll of noise {unknown}
 w - a scroll of vulnerability
 B - 2 scrolls of teleportation
Potions
 c - 6 potions of curing
 e - 3 potions of cancellation
 k - a potion of ambrosia
 m - a potion of enlightenment {unknown}
 o - a potion of heal wounds {unknown}
 p - 2 potions of lignification {unknown}
 u - a potion of resistance
Miscellaneous
 A - a tin of tremorstones (2/2)


   Skills:
 + Level 11.2 Fighting
 + Level 7.0 Short Blades
 + Level 7.0 Long Blades
 + Level 9.7 Axes
 + Level 7.0 Maces & Flails
 + Level 7.0 Polearms
 + Level 7.0 Staves
 + Level 7.0 Ranged Weapons
 + Level 7.0 Throwing
 + Level 8.4 Armour
 + Level 8.4 Dodging
 + Level 7.0 Stealth
 + Level 7.0 Shields
 + Level 7.0 Unarmed Combat
 + Level 7.0 Spellcasting
 + Level 5.8 Conjurations
 + Level 5.8 Hexes
 + Level 5.8 Summonings
 + Level 5.8 Necromancy
 + Level 5.8 Translocations
 + Level 5.8 Transmutations
 + Level 5.8 Fire Magic
 + Level 5.8 Ice Magic
 + Level 5.8 Air Magic
 + Level 5.8 Earth Magic
 + Level 5.8 Poison Magic
 + Level 7.7 Invocations
 + Level 7.0 Evocations
 + Level 6.3 Shapeshifting


You had 25 spell levels left.
You didn't know any spells.
Your spell library was empty.

Dungeon Overview and Level Annotations

Branches:
Dungeon (11/15)            Temple (0/1) D:7             Orc (0/2) D:10
   Lair: D:8-11

Altars:
Ashenzari
Cheibriados
Elyvilon
Fedhas
Gozag
Hepliaklqana
Okawaru
Qazlal
Vehumet

Shops:
D:1 !   D:4 *   D:9 ::

Annotations:
D:6 3 runed translucent doors, GreenGuy14's ghost, novice GnCK
D:11 Urug


Innate Abilities, Weirdness & Mutations

You have very sharp teeth.
Your uncanny sense of smell can sniff out nearby items.
Your experience applies equally to all skills.


Message History

Urug hits you with a +1 great mace of protection!!
You closely miss Urug. Urug barely misses you.
You barely miss Urug. You bite Urug.
Urug is lightly wounded.
You barely miss Urug.
Urug is lightly wounded.
Urug barely misses you.
You slash Urug! You bite Urug, but do no damage.
Urug is moderately wounded.
Urug hits you with a +1 great mace of protection!!
You slash Urug! You bite Urug.
Urug is heavily wounded.
Urug hits you with a +1 great mace of protection!!
You slash Urug! You bite Urug, but do no damage.
Urug is heavily wounded.
Urug squints and says, "You're the ugliest harpy I ever saw."
Urug hits you with a +1 great mace of protection!
You hit Urug but do no damage.
Urug is heavily wounded.
Urug barely misses you.
You completely miss Urug.
Urug is heavily wounded.
You closely miss Urug.
Urug is heavily wounded.
You are no longer berserk.
You are exhausted.
You feel yourself slow down. Urug barely misses you.
You closely miss Urug.
Urug is heavily wounded.
Urug completely misses you.
A cyclops comes into view.
Urug hits you with a +1 great mace of protection.
You slash Urug!
Urug is severely wounded.
Urug barely misses you.
The cyclops throws a large rock.
The large rock hits you!!!
* * * LOW HITPOINT WARNING * * *
Urug hits you with a +1 great mace of protection.
You die...
Urug says, "One more harpy dead."

.....# ..C...) [......
.......
.......#############
.......#.....#.....##
..^...#.............##
......o@.............#
######...............#
#.............<.#
#...............#
#...............#
..............).##
.####.....#.....##
#############


You could see Urug and a cyclops.

Vanquished Creatures
  4 two-headed ogres
  A tengu warrior (D:9)
  4 skeletal warriors
  Pikel (D:8)
  Maurice (D:9)
  A manticore (D:8)
  A hornet (D:9)
  A troll (D:10)
  Prince Ribbit (D:9)
  A wyvern (D:8)
  10 yaks
  A steam dragon (D:8)
  A vampire mosquito (D:9)
  An acid dragon (D:9)
  A water moccasin (D:6)
  2 ice beasts
  A sky beast (D:8)
  3 black bears
  12 orc warriors
  2 centaurs
  A phantom (D:7)
  3 lemures (D:8)
  A kobold brigand (D:9)
  A gnoll sergeant (D:10)
  A bullfrog (D:6)
  3 scorpions (D:5)
  9 wights
  3 killer bees (D:10)
  3 howler monkeys
  2 hounds (D:5)
  11 orc priests
  3 jellies
  Crazy Yiuf (D:6)
  Jessica (D:3)
  2 iguanas
  15 orc wizards
  A sleepcap (D:4)
  Robin (D:3)
  7 gnolls
  3 adders
  2 shadow imps
  4 ufetubi
  A dart slug (D:2)
  56 orcs
  7 endoplasms
  A giant cockroach (D:1)
  12 goblins
  10 hobgoblins
  5 jackals (D:2)
  2 quokkas
  4 ball pythons
  A bat (D:2)
  3 frilled lizards (D:3)
  11 kobolds
  4 rats
245 creatures vanquished.

Vanquished Creatures (collateral kills)
  A gargoyle (D:10)
1 creature vanquished.

Grand Total: 246 creatures vanquished

Notes
Turn   | Place    | Note
-------+----------+-------------------------------------------
     0 | D:1      | jejorda2 the Gnoll Berserker began the quest for the Orb.
     0 | D:1      | Reached XP level 1. HP: 23/23 MP: 1/1
   362 | D:1      | Reached XP level 2. HP: 26/29 MP: 2/2
   432 | D:1      | Found Ketryc's Distillery.
   928 | D:1      | Bought a potion of curing for 30 gold pieces
  1006 | D:2      | Reached XP level 3. HP: 35/35 MP: 3/3
  1265 | D:2      | Reached ** piety under Trog
  1866 | D:3      | Reached skill level 1 in Invocations
  2084 | D:3      | You are sucked into a shaft and drop 3 floors!
  2099 | D:6      | Noticed a bullfrog
  2105 | D:6      | Killed a bullfrog
  2106 | D:6      | Reached skill level 1 in Short Blades
  2106 | D:6      | Reached skill level 1 in Long Blades
  2106 | D:6      | Reached skill level 1 in Maces & Flails
  2106 | D:6      | Reached skill level 1 in Polearms
  2106 | D:6      | Reached skill level 1 in Staves
  2106 | D:6      | Reached skill level 1 in Ranged Weapons
  2106 | D:6      | Reached skill level 1 in Throwing
  2106 | D:6      | Reached skill level 1 in Stealth
  2106 | D:6      | Reached skill level 1 in Shields
  2106 | D:6      | Reached skill level 1 in Unarmed Combat
  2106 | D:6      | Reached skill level 1 in Spellcasting
  2106 | D:6      | Reached skill level 1 in Conjurations
  2106 | D:6      | Reached skill level 1 in Hexes
  2106 | D:6      | Reached skill level 1 in Summonings
  2106 | D:6      | Reached skill level 1 in Necromancy
  2106 | D:6      | Reached skill level 1 in Translocations
  2106 | D:6      | Reached skill level 1 in Transmutations
  2106 | D:6      | Reached skill level 1 in Fire Magic
  2106 | D:6      | Reached skill level 1 in Ice Magic
  2106 | D:6      | Reached skill level 1 in Air Magic
  2106 | D:6      | Reached skill level 1 in Earth Magic
  2106 | D:6      | Reached skill level 1 in Poison Magic
  2106 | D:6      | Reached skill level 1 in Evocations
  2106 | D:6      | Reached skill level 1 in Shapeshifting
  2106 | D:6      | Reached XP level 4. HP: 41/41 MP: 5/5
  2109 | D:5      | Entered Level 5 of the Dungeon
  2132 | D:5      | Reached XP level 5. HP: 47/47 MP: 5/7
  2316 | D:5      | Reached XP level 6. HP: 41/53 MP: 8/8
  2417 | D:5      | Found a hazy altar of Hepliaklqana.
  2477 | D:5      | Reached skill level 5 in Armour
  2477 | D:5      | Reached skill level 5 in Dodging
  2881 | D:4      | Found Ilaisetz's General Store.
  2888 | D:4      | Reached XP level 7. HP: 59/59 MP: 10/10
  2892 | D:4      | Reached skill level 7 in Fighting
  3066 | D:3      | Noticed Robin
  3072 | D:3      | Killed Robin
  3251 | D:3      | Noticed Jessica
  3255 | D:3      | Killed Jessica
  3570 | D:3      | Identified the +2 robe of Midwinter {+Inv rN+ MP+9 Dex-5}
  3779 | D:3      | Found a stormy altar of Qazlal.
  3779 | D:3      | Found a blossoming altar of Fedhas.
  3779 | D:3      | Found a snail-covered altar of Cheibriados.
  3789 | D:3      | Found a radiant altar of Vehumet.
  3792 | D:3      | Found an opulent altar of Gozag.
  3890 | D:4      | Bought the +0 helmet of Mofut {Will+ Regen+ Str-4} for 113
                  | gold pieces
  4650 | D:6      | Reached XP level 8. HP: 63/67 MP: 12/12
  4664 | D:6      | Noticed a troll
  4673 | D:6      | Noticed GreenGuy14's ghost (novice GnCK)
  4778 | D:6      | Found a runed translucent door.
  4779 | D:6      | Noticed Crazy Yiuf
  4830 | D:6      | Found a runed translucent gate.
  4830 | D:6      | Found a runed translucent gate.
  4831 | D:6      | Found a runed translucent gate.
  4938 | D:6      | Reached *** piety under Trog
  5557 | D:6      | Killed Crazy Yiuf
  5774 | D:7      | Identified a scroll of acquirement
  5774 | D:7      | Acquired a manual of Fighting
  5942 | D:7      | Found a staircase to the Ecumenical Temple.
  6374 | D:8      | Noticed a yak
  6375 | D:8      | Noticed a yak
  6376 | D:8      | Noticed a yak
  6382 | D:8      | Killed a yak
  6383 | D:8      | Reached XP level 9. HP: 74/74 MP: 14/14
  6390 | D:8      | Reached skill level 8 in Fighting
  6575 | D:8      | Noticed a two-headed ogre
  6584 | D:8      | Killed a two-headed ogre
  6585 | D:8      | Reached skill level 5 in Invocations
  6692 | D:8      | Noticed a manticore
  6706 | D:8      | Killed a manticore
  6775 | D:8      | Reached XP level 10. HP: 77/82 MP: 17/17
  6801 | D:8      | Found a broken altar of Ashenzari.
  6881 | D:8      | Reached skill level 5 in Short Blades
  6881 | D:8      | Reached skill level 5 in Long Blades
  6881 | D:8      | Reached skill level 5 in Maces & Flails
  6881 | D:8      | Reached skill level 5 in Polearms
  6881 | D:8      | Reached skill level 5 in Staves
  6881 | D:8      | Reached skill level 5 in Ranged Weapons
  6881 | D:8      | Reached skill level 5 in Throwing
  6881 | D:8      | Reached skill level 5 in Stealth
  6881 | D:8      | Reached skill level 5 in Shields
  6881 | D:8      | Reached skill level 5 in Unarmed Combat
  6881 | D:8      | Reached skill level 5 in Spellcasting
  6881 | D:8      | Reached skill level 5 in Evocations
  6882 | D:8      | Reached skill level 9 in Fighting
  7039 | D:8      | Noticed a two-headed ogre
  7062 | D:8      | Killed a two-headed ogre
  7292 | D:8      | Noticed Pikel
  7304 | D:8      | Killed Pikel
  7305 | D:8      | Reached skill level 5 in Shapeshifting
  7527 | D:9      | Found an iron altar of Okawaru.
  7636 | D:9      | Found Leiveock's Self-Published Books.
  7713 | D:9      | Noticed a two-headed ogre
  7719 | D:9      | Killed a two-headed ogre
  7720 | D:9      | Reached skill level 10 in Fighting
  7760 | D:9      | Noticed a tengu warrior
  7776 | D:9      | Reached XP level 11. HP: 90/90 MP: 19/19
  7841 | D:9      | Reached skill level 5 in Conjurations
  7841 | D:9      | Reached skill level 5 in Hexes
  7841 | D:9      | Reached skill level 5 in Summonings
  7841 | D:9      | Reached skill level 5 in Necromancy
  7841 | D:9      | Reached skill level 5 in Translocations
  7841 | D:9      | Reached skill level 5 in Transmutations
  7841 | D:9      | Reached skill level 5 in Fire Magic
  7841 | D:9      | Reached skill level 5 in Ice Magic
  7841 | D:9      | Reached skill level 5 in Air Magic
  7841 | D:9      | Reached skill level 5 in Earth Magic
  7841 | D:9      | Reached skill level 5 in Poison Magic
  7922 | D:9      | Noticed Prince Ribbit
  7946 | D:9      | Killed Prince Ribbit
  7990 | D:9      | Noticed Maurice
  7997 | D:9      | Something stole 2 silver javelins
  8005 | D:9      | Something stole a +6 trident
  8006 | D:9      | Killed Maurice
  8125 | D:9      | Found a white marble altar of Elyvilon.
  8349 | D:9      | Found Azikhlus's Book Shop.
  8371 | D:9      | Killed a tengu warrior
  8443 | D:10     | Entered Level 10 of the Dungeon
  8474 | D:10     | Reached **** piety under Trog
  8673 | D:10     | Noticed a two-headed ogre
  8682 | D:10     | Killed a two-headed ogre
  8930 | D:10     | Noticed a skeletal warrior
  8930 | D:10     | Noticed a skeletal warrior
  8931 | D:10     | Noticed a skeletal warrior
  8935 | D:10     | Noticed a skeletal warrior
  8945 | D:10     | Killed a skeletal warrior
  9017 | D:9      | Killed a skeletal warrior
  9063 | D:9      | Killed a skeletal warrior
  9064 | D:9      | Reached skill level 11 in Fighting
  9139 | D:10     | Killed a skeletal warrior
  9720 | D:10     | Found a staircase to the Orcish Mines.
  9918 | D:11     | Reached XP level 12. HP: 100/100 MP: 22/22
 10001 | D:11     | Noticed Urug
 10017 | D:11     | HP: 3/100 [cyclops/large rock (37)]
 10017 | D:11     | Slain by Urug

Illustrated notes

Levels and vault maps discovered:
D:1:      elethiomel_arrival_maze, layout_basic, serial_shops,
          nicolae_shop_rolling_square
D:2:      layout_basic
D:3:      layout_loops_corners, minmay_overflow_temple_star_hex,
          minmay_misc_feat_rows, uniq_jessica, uniq_robin
D:4:      layout_basic, serial_shops, shop
D:5:      layout_basic, nzn_hepliaklqana_mist_gate
D:6:      layout_gridville, gammafunk_ghost_split, uniq_crazy_yiuf_cottage
D:7:      layout_loops_ring, minmay_temple_entry_nine_rooms
D:8:      layout_basic, nicolae_ashenzari_skybound, minmay_circle_x, uniq_pikel
D:9:      layout_basic, mainiacjoe_overflow_catwalk_spiral, serial_shops, shop,
          nicolae_custom_books, minmay_mirror_moons_of_madness, uniq_maurice,
          uniq_prince_ribbit1
D:10:     layout_layer_cave, david_orc_4
D:11:     layout_rooms, lair_entry_dummy, hangedman_weighted_door, uniq_sonja,
          uniq_urug

Skill      XL: |  1  2  3  4  5  6  7  8  9 10 11 12 |
---------------+-------------------------------------+-----
Invocations    | 1 2 3 4 5 6 7 |  7.7
Short Blades   | 1 2 3 4 5 6 7 |  7.0
Long Blades    | 1 2 3 4 5 6 7 |  7.0
Maces & Flails | 1 2 3 4 5 6 7 |  7.0
Polearms       | 1 2 3 4 5 6 7 |  7.0
Staves         | 1 2 3 4 5 6 7 |  7.0
Ranged Weapons | 1 2 3 4 5 6 7 |  7.0
Throwing       | 1 2 3 4 5 6 7 |  7.0
Stealth        | 1 2 3 4 5 6 7 |  7.0
Shields        | 1 2 3 4 5 6 7 |  7.0
Unarmed Combat | 1 2 3 4 5 6 7 |  7.0
Spellcasting   | 1 2 3 4 5 6 7 |  7.0
Conjurations   | 1 2 3 4 5 |  5.8
Hexes          | 1 2 3 4 5 |  5.8
Summonings     | 1 2 3 4 5 |  5.8
Necromancy     | 1 2 3 4 5 |  5.8
Translocations | 1 2 3 4 5 |  5.8
Transmutations | 1 2 3 4 5 |  5.8
Fire Magic     | 1 2 3 4 5 |  5.8
Ice Magic      | 1 2 3 4 5 |  5.8
Air Magic      | 1 2 3 4 5 |  5.8
Earth Magic    | 1 2 3 4 5 |  5.8
Poison Magic   | 1 2 3 4 5 |  5.8
Evocations     | 1 2 3 4 5 6 7 |  7.0
Shapeshifting  | 1 2 3 4 5 6 |  6.3
Armour         | 5 6 7 8 |  8.4
Dodging        | 5 6 7 8 |  8.4
Fighting       | 7 8 10 11 | 11.2
Axes           | 7 8 9 |  9.7

Action                     |  1- 3 |  4- 6 |  7- 9 | 10-12 || total
---------------------------+-------+-------+-------+-------++-------
  Melee: Hand axe          |    62 |       |       |       ||    62
         Bite              |    10 |     3 |    31 |    37 ||    81
         Punch             |     1 |     1 |     6 |     2 ||    10
         War axe           |    22 |    68 |   254 |    69 ||   413
         Battleaxe         |       |       |       |   255 ||   255
         Trident           |       |       |       |    15 ||    15
  Throw: Dart              |       |       |       |     4 ||     4
         Boomerang         |       |       |       |     3 ||     3
 Invoke: Trog's Hand       |       |     2 |       |     7 ||     9
         Berserk           |       |     2 |     8 |    18 ||    28
         Brothers in Arms  |       |       |       |     1 ||     1
  Evoke: Wand              |       |       |       |     3 ||     3
    Use: Scroll            |       |       |    16 |     1 ||    17
         Potion            |       |       |       |     2 ||     2
   Stab: Distracted        |       |       |       |     1 ||     1
 Armour: Animal skin       |    16 |       |       |       ||    16
         Chain mail        |    28 |    65 |    15 |       ||   108
         Leather armour    |     1 |       |       |       ||     1
         Plate armour      |       |       |   265 |   400 ||   665
  Dodge: Dodged            |    42 |    28 |   124 |   194 ||   388

Table legend: (Time is in decaauts)
 A = Elapsed time spent in this place.
 B = Non-inter-level travel time spent in this place.
 C = Inter-level travel time spent in this place.
 D = Time resting spent in this place.
 E = Time spent auto-exploring this place.
 F = Levels seen in this place.
 G = Mean time per level.
                   A        B        C        D        E       F      G
               +--------+--------+--------+--------+--------+-----+--------+
         Total |  10331 |   9653 |    678 |   1006 |   6858 |  11 |  939.2 |
       Dungeon |  10331 |   9653 |    678 |   1006 |   6858 |  11 |  939.2 |
               +--------+--------+--------+--------+--------+-----+--------+

Top non-repeatable levels by time:
     D:9: 1360 daAuts
    D:10: 1345 daAuts
     D:8: 1116 daAuts
     D:3: 1073 daAuts
     D:6: 1038 daAuts
     D:5: 1035 daAuts
     D:1: 928 daAuts
     D:2: 892 daAuts
     D:4: 745 daAuts
     D:7: 727 daAuts
    D:11: 68 daAuts
